 Dungeon Crawl Stone Soup version 0.31-a0-931-g7b59d4eb97 (webtiles) character file.

Game seed: 137553567962281593

138 protoss039 the Digger (level 5, 38/38 HPs)
             Began as a Demonspawn Earth Elementalist on Oct 19, 2023.
             Got out of the dungeon alive.
             The game lasted 00:02:51 (2343 turns).

protoss039 the Digger (DsEE)                        Turns: 2343, Time: 00:02:51

Health: 38/38      AC:  4    Str:  8    XL:     5   Next: 1%
Magic:  9/9        EV: 11    Int: 18    God:
Gold:   100        SH:  0    Dex: 14    Spells: 4/10 levels left

rFire   . . .        i - +0 spear
rCold   . . .        (no shield)
rNeg    . . .        k - +0 leather armour
rPois   .            (no helmet)
rElec   .            (no cloak)
rCorr   .            o - +0 pair of gloves
SInv    .            (no boots)
Will    .....        m - amulet of magic regeneration
Stlth   ++           (no ring)
HPRegen 0.26/turn    (no ring)
MPRegen 0.62/turn

%: no passive effects
@: no status effects
A: claws 1, hooves 1, magic regeneration
a: no special abilities


You escaped.
You visited 1 branch of the dungeon, and saw 3 of its levels.

You collected 100 gold pieces.

Inventory:

Hand Weapons
 c - a +0 club
 i - a +0 spear (weapon)
Armour
 j - a +0 kite shield
 k - a +0 leather armour (worn)
 o - a +0 pair of gloves (worn)
 q - a +0 ring mail
Jewellery
 m - an amulet of magic regeneration (around neck)
Scrolls
 a - a scroll of revelation {unknown}
 d - 3 scrolls of identify {unknown}
 e - a scroll of fear {unknown}
 h - a scroll of fog {unknown}
 l - a scroll of summoning {unknown}
Potions
 b - a potion of magic
 f - 2 potions of might {unknown}
 g - a potion of mutation {unknown}
 n - a potion of haste {unknown}
 p - a potion of invisibility {unknown}


   Skills:
 + Level 2.2 Fighting
 - Level 1.7 Dodging
 - Level 1.7 Stealth
 + Level 3.0 Spellcasting
 * Level 1.8 Conjurations
 - Level 0.8 Transmutations
 + Level 3.5 Earth Magic


You had 4 spell levels left.
You knew the following spells:

 Your Spells              Type           Power      Damage    Failure   Level
a - Sandblast             Erth           30%        2d9       5%          1
b - Passwall              Tmut/Erth      8%         N/A       14%         2
c - Stone Arrow           Conj/Erth      24%        3d8       24%         3

Your spell library contained the following spells:

 Spells                   Type           Power      Damage    Failure   Level
 Brom's Barrelling Bould  Conj/Erth      12%        2d4       61%         4
 Petrify                  Tmut/Erth      10%        N/A       67%         4


Dungeon Overview and Level Annotations

Branches:
Dungeon (3/15) Zot: 15606

Altars:


Innate Abilities, Weirdness & Mutations

You have sharp fingernails.
You have large cloven feet.
You regenerate magic rapidly.


Message History

Aim: a hobgoblin (almost dead, 82% to hit)
The blast of sand hits the hobgoblin!
You kill the hobgoblin!
You have reached level 5!
Your demonic ancestry asserts itself...
Your fingernails lengthen.
Found a stone staircase leading up.
A giant cockroach comes into view.
A giant cockroach is nearby!
Unknown command.
The giant cockroach waves its antennae.
Casting: Sandblast (safe; 5% risk of failure)
Confirm with . or Enter, or press ? or * to list all spells.
Aiming: Sandblast (safe; 5% risk of failure)
Press: ? - help, Shift-Dir - straight line, f - giant cockroach
Aim: a giant cockroach (82% to hit)
The blast of sand hits the giant cockroach.
The giant cockroach is severely wounded.
Unknown command.
Casting: Sandblast (safe; 5% risk of failure)
Confirm with . or Enter, or press ? or * to list all spells.
Aiming: Sandblast (safe; 5% risk of failure)
Press: ? - help, Shift-Dir - straight line, f/p - giant cockroach
Aim: a giant cockroach (severely wounded, 82% to hit)
The blast of sand hits the giant cockroach.
You kill the giant cockroach!
Your Spellcasting skill increases to level 3!
Unknown command.
There is a stone staircase leading up here.
You climb upwards.
There is a stone staircase leading down here.
You see here a +0 robe.
You see here a +0 leather armour.
There is a stone staircase leading up here.
You climb upwards.
There is a stone staircase leading down here.
There is a dry fountain here.
There is an open door here.
There is a staircase leading out of the dungeon here.
You have escaped!

#......# #..........#.##.......
#......# #..........#.##.......
#......# #######.####.####+#...
#......#######.....# #.## #.#...
##...........#.##### #..###.#...
#...........#.# ##.....'...
#...........#.#############)#...
##...........#.#..#.....#..#.>...
.#...........#.#@.###'###..#.....
.#...........#.#..'.....'..#..###
.#.....).....#.####..#..####..#
)#...........#.#....###....#..#
##...........'.#.....#.....#..#
##...........###.#.⌠.#.⌠.#.#..#
####.######### #.#.......#.#..#
#....# #.###...###.#..# ####.#
#...........#.##


There were no monsters in sight!

Vanquished Creatures
  Natasha (thrice) (D:2)
  A gnoll (D:1)
  7 bats
  6 endoplasms
  3 giant cockroaches
  11 goblins
  4 hobgoblins
  4 jackals
  2 kobolds
  A quokka (D:1)
  3 ball pythons
  2 frilled lizards (D:1)
  4 rats
51 creatures vanquished.

Notes
Turn   | Place    | Note
-------+----------+-------------------------------------------
     0 | D:1      | protoss039 the Demonspawn Earth Elementalist began the
                  | quest for the Orb.
     0 | D:1      | Reached XP level 1. HP: 13/13 MP: 3/3
   198 | D:1      | Gained mutation: You regenerate magic rapidly. [demonic
                  | ancestry]
   198 | D:1      | Reached XP level 2. HP: 19/20 MP: 3/5
   276 | D:1      | Reached skill level 1 in Fighting
   348 | D:1      | Reached XP level 3. HP: 26/26 MP: 3/6
  1049 | D:1      | Learned a level 2 spell: Passwall
  1155 | D:2      | Found a faded altar of an unknown god.
  1160 | D:2      | Learned a level 3 spell: Stone Arrow
  1232 | D:2      | Noticed Natasha
  1236 | D:2      | Killed Natasha
  1237 | D:2      | Discovered your monstrous ancestry.
  1237 | D:2      | Gained mutation: You have large cloven feet. [demonic
                  | ancestry]
  1237 | D:2      | Reached XP level 4. HP: 33/33 MP: 6/8
  1411 | D:2      | Noticed Natasha
  1419 | D:2      | Killed Natasha
  1420 | D:2      | Reached skill level 1 in Conjurations
  1922 | D:2      | Noticed Natasha
  1928 | D:2      | Killed Natasha
  2254 | D:3      | Gained mutation: You have sharp fingernails. [demonic
                  | ancestry]
  2254 | D:3      | Reached XP level 5. HP: 38/38 MP: 9/9
  2343 | D:$      | Got out of the dungeon alive.

Illustrated notes

Levels and vault maps discovered:
D:1:      dpeg_arrival_court, layout_basic
D:2:      layout_basic, nicolae_ecumenical_oubliette, uniq_natasha
D:3:      layout_loops_corners, tso_altar, zin_treasury

Skill      XL: |  1  2  3  4  5 |
---------------+----------------+-----
Fighting       | 1 2 |  2.2
Earth Magic    | 3 |  3.5
Conjurations   | 1 |  1.8
Spellcasting   | 3 |  3.0
Dodging        | |  1.7
Stealth        | |  1.7
Transmutations | |  0.8

Action                     |  1- 3 |  4- 6 || total
---------------------------+-------+-------++-------
  Melee: Club              |    11 |     4 ||    15
         Unarmed           |     1 |       ||     1
         Spear             |       |     6 ||     6
         Kick              |       |     1 ||     1
   Cast: Sandblast         |    37 |    23 ||    60
 Armour: Robe              |     9 |       ||     9
         Leather armour    |       |    18 ||    18
  Dodge: Dodged            |    27 |    17 ||    44

Table legend: (Time is in decaauts)
 A = Elapsed time spent in this place.
 B = Non-inter-level travel time spent in this place.
 C = Inter-level travel time spent in this place.
 D = Time resting spent in this place.
 E = Time spent auto-exploring this place.
 F = Levels seen in this place.
 G = Mean time per level.
                   A        B        C        D        E       F      G
               +--------+--------+--------+--------+--------+-----+--------+
         Total |   2393 |   2147 |    246 |    122 |   1686 |   3 |  797.7 |
       Dungeon |   2393 |   2147 |    246 |    122 |   1686 |   3 |  797.7 |
               +--------+--------+--------+--------+--------+-----+--------+

Top non-repeatable levels by time:
     D:1: 1118 daAuts
     D:2: 998 daAuts
     D:3: 276 daAuts
